 Dungeon Crawl Stone Soup version 0.31-a0-981-geadf994542 (webtiles) character file.

Game seed: 16350315488940459147

273 wildpjah the Ducker (level 6, 0/46 HPs)
             Began as a Djinni Gladiator on Oct 31, 2023.
             Slain by Pargi (1 damage)
             ... on level 3 of the Dungeon.
             The game lasted 00:04:01 (2186 turns).

wildpjah the Ducker (Djinni Gladiator)              Turns: 2186, Time: 00:04:01

Health: 0/46       AC:  4    Str: 13    XL:     6   Next: 48%
Gold:   142        EV: 13    Int: 10    God:
                   SH:  5    Dex: 16

rFire   + + .        a - +0 long sword
rCold   x . .        (no shield)
rNeg    . . .        b - +0 leather armour
rPois   ∞            c - +0 helmet
rElec   .            (no cloak)
rCorr   .            (no gloves)
SInv    .            (boots unavailable)
Will    .....        l - amulet of reflection
Stlth   +            (no ring)
HPRegen 0.27/turn    (no ring)
MPRegen 0.00/turn

%: reflection, infuse magic (-1 HP)
@: flying
A: sickness immunity, fire resistance 2, cold vulnerability 1, float, innate
caster, HP casting, extra vitality 1
a: no special abilities


You were on level 3 of the Dungeon.
You visited 1 branch of the dungeon, and saw 3 of its levels.

You collected 142 gold pieces.

Inventory:

Hand Weapons
 a - a +0 long sword (weapon)
Missiles
 d - 2 throwing nets
Armour
 b - a +0 leather armour (worn)
 c - a +0 helmet (worn)
 v - a +0 pair of gloves
Magical Staves
 s - a staff of cold
Jewellery
 l - an amulet of reflection (around neck)
Scrolls
 e - 2 scrolls of noise {unknown}
 f - a scroll of poison {unknown}
 h - a scroll of teleportation {unknown}
 k - a scroll of fear {unknown}
 m - a scroll of revelation {unknown}
 t - a scroll of identify {unknown}
 u - a scroll of immolation {unknown}
Potions
 g - a potion of brilliance {unknown}
 i - a potion of ambrosia {unknown}
 j - a potion of berserk rage {unknown}
 n - 2 potions of mutation {unknown}
 o - a potion of invisibility {unknown}
 p - a potion of magic {unknown}
 q - 2 potions of curing {unknown}
 r - 2 potions of heal wounds {unknown}


   Skills:
 * Level 3.1 Fighting
 + Level 4.1 Long Blades
 - Level 1.6 Throwing
 + Level 2.2 Armour
 * Level 4.3 Dodging
 * Level 1.1 Spellcasting
 * Level 1.1 Conjurations
 * Level 1.1 Hexes
 * Level 1.1 Summonings
 * Level 1.1 Necromancy
 * Level 1.1 Translocations
 * Level 1.1 Transmutations
 * Level 1.1 Fire Magic
 * Level 1.1 Ice Magic
 * Level 1.1 Air Magic
 * Level 1.1 Earth Magic
 * Level 1.1 Poison Magic


You knew the following spells:

 Your Spells              Type           Power      Damage    Failure   Level
a - Freeze                Ice            8%         1d3       28%         1
b - Call Imp              Summ           4%         N/A       38%         2
Your spell library was empty.

Dungeon Overview and Level Annotations

Branches:
Dungeon (3/15)

Altars:
Trog

Annotations:
D:3 Pargi


Innate Abilities, Weirdness & Mutations

You are immune to sickness and miasma.
You are immune to poison.
Your flesh is very heat resistant. (rF++)
You are vulnerable to cold. (rC-)
You float through the air rather than walking.
You learn spells naturally, not from books.
Your magical power is your life essence.
You have superior vitality. (+4 MHP)


Message History

The orc hits you but does no damage. The kobold hits you but does no damage.
Pargi bites you. Pargi barely misses you. Pargi claws you but does no damage.
The orc closely misses you. You block the kobold's attack.
You slash Pargi!
Pargi is heavily wounded.
Pargi bites you.
Pargi claws you. x2; The orc closely misses you.
The kobold closely misses you.
Okay, then.
You barely miss Pargi.
Pargi is heavily wounded.
Pargi bites you. Pargi claws you. Pargi closely misses you.
The orc hits you with a +0 dagger. You block the kobold's attack.
You slash Pargi!
Pargi is severely wounded.
Pargi closely misses you. Pargi claws you but does no damage. Pargi claws you.
The orc hits you with a +0 dagger. The kobold closely misses you.
You hit Pargi.
Pargi is almost dead.
Pargi misses you.
Pargi claws you. x2; The orc closely misses you.
The kobold barely misses you.
You hit Pargi.
Pargi is almost dead.
Pargi bites you!
* * * LOW HITPOINT WARNING * * *
Pargi closely misses you. You block Pargi's attack. The orc barely misses you.
The kobold hits you with a +0 short sword.
* * * LOW HITPOINT WARNING * * *
Pargi closely misses you.
Pargi barely misses you. x2; The orc misses you.
The kobold hits you but does no damage.
You slash Pargi!
Pargi is almost dead.
Pargi bites you but does no damage. Pargi claws you.
* * * LOW HITPOINT WARNING * * *
Pargi claws you but does no damage. The orc barely misses you.
The kobold hits you with a +0 short sword.
* * * LOW HITPOINT WARNING * * *
You hit Pargi.
Pargi is almost dead.
You block Pargi's attack. Pargi barely misses you. Pargi claws you.
You die...

############
#..........#
#..........#
#####..........#
................
................
#.......T......
#...@o.....#
#..^.K.....#
#..........# ##
#.).....$..#
.....#.##############
####.#.## #.........#
...
#.....###.........#
..## .
#....###.............#
... .# #...
#####.........#


You could see Pargi, an orc and a kobold.

Vanquished Creatures
  Sigmund (D:2)
  An orc priest (D:3)
  2 adders (D:2)
  A worm (D:2)
  A dart slug (D:1)
  3 orcs (D:3)
  3 bats
  4 endoplasms
  2 giant cockroaches
  6 hobgoblins
  7 kobolds
  2 quokkas (D:1)
  4 ball pythons
  2 frilled lizards
  6 goblins
  A rat (D:3)
46 creatures vanquished.

Vanquished Creatures (collateral kills)
  A frilled lizard (D:3)
1 creature vanquished.

Grand Total: 47 creatures vanquished

Notes
Turn   | Place    | Note
-------+----------+-------------------------------------------
     0 | D:1      | wildpjah the Djinni Gladiator began the quest for the Orb.
     0 | D:1      | Reached XP level 1. HP: 18/18 MP: 0/0
   292 | D:1      | Reached XP level 2. HP: 10/23 MP: 0/0
  1109 | D:2      | Reached XP level 3. HP: 25/28 MP: 0/0
  1109 | D:2      | Learned a level 1 spell: Freeze
  1244 | D:2      | Noticed Sigmund
  1266 | D:2      | Killed Sigmund
  1267 | D:2      | Reached skill level 1 in Spellcasting
  1267 | D:2      | Reached skill level 1 in Conjurations
  1267 | D:2      | Reached skill level 1 in Hexes
  1267 | D:2      | Reached skill level 1 in Summonings
  1267 | D:2      | Reached skill level 1 in Necromancy
  1267 | D:2      | Reached skill level 1 in Translocations
  1267 | D:2      | Reached skill level 1 in Transmutations
  1267 | D:2      | Reached skill level 1 in Fire Magic
  1267 | D:2      | Reached skill level 1 in Ice Magic
  1267 | D:2      | Reached skill level 1 in Air Magic
  1267 | D:2      | Reached skill level 1 in Earth Magic
  1267 | D:2      | Reached skill level 1 in Poison Magic
  1267 | D:2      | Reached XP level 4. HP: 6/34 MP: 0/0
  1267 | D:2      | Reached XP level 5. HP: 7/40 MP: 0/0
  1267 | D:2      | Learned a level 2 spell: Call Imp
  1267 | D:2      | Reached XP level 6. HP: 7/45 MP: 0/0
  1494 | D:2      | Found a bloodstained altar of Trog.
  2171 | D:3      | Noticed Pargi
  2185 | D:3      | HP: 1/46 [kobold/+0 short sword (2)]
  2186 | D:3      | Slain by Pargi

Illustrated notes

Levels and vault maps discovered:
D:1:      scummos_arrival_gate, layout_basic
D:2:      layout_basic, basic_altar, uniq_sigmund
D:3:      layout_rooms, uniq_pargi

Skill      XL: |  1  2  3  4  5  6 |
---------------+-------------------+-----
Long Blades    | 3 4 |  4.1
Armour         | 2 |  2.2
Dodging        | 4 |  4.3
Spellcasting   | 1 |  1.1
Conjurations   | 1 |  1.1
Hexes          | 1 |  1.1
Summonings     | 1 |  1.1
Necromancy     | 1 |  1.1
Translocations | 1 |  1.1
Transmutations | 1 |  1.1
Fire Magic     | 1 |  1.1
Ice Magic      | 1 |  1.1
Air Magic      | 1 |  1.1
Earth Magic    | 1 |  1.1
Poison Magic   | 1 |  1.1
Fighting       | 3 |  3.1
Throwing       | |  1.6

Action                     |  1- 3 |  4- 6 || total
---------------------------+-------+-------++-------
  Melee: Long sword        |    84 |    62 ||   146
         Punch             |       |     1 ||     1
  Throw: Javelin           |     1 |       ||     1
         Throwing net      |     1 |       ||     1
   Cast: Freeze            |     1 |       ||     1
         Call Imp          |       |     2 ||     2
 Armour: Leather armour    |    57 |    53 ||   110
  Dodge: Dodged            |    59 |    54 ||   113
  Block: Other             |     8 |    21 ||    29
         Reflection        |       |     1 ||     1

Table legend: (Time is in decaauts)
 A = Elapsed time spent in this place.
 B = Non-inter-level travel time spent in this place.
 C = Inter-level travel time spent in this place.
 D = Time resting spent in this place.
 E = Time spent auto-exploring this place.
 F = Levels seen in this place.
 G = Mean time per level.
                   A        B        C        D        E       F      G
               +--------+--------+--------+--------+--------+-----+--------+
         Total |   2219 |   2110 |    109 |      0 |   1758 |   3 |  739.7 |
       Dungeon |   2219 |   2110 |    109 |      0 |   1758 |   3 |  739.7 |
               +--------+--------+--------+--------+--------+-----+--------+

Top non-repeatable levels by time:
     D:1: 1107 daAuts
     D:2: 809 daAuts
     D:3: 302 daAuts
